EL
ALTOONA CURVE @ AKRON AEROS
05/31/2004
 
TOP OF THE 1ST
Altoona Curve batting - Pitching for Akron Aeros : RHP Grant Roberts
Pitching: RHP Grant Roberts
Batting: RHB Kevin Nulton 0-0: Called Strike
0-1: Foul Ball, location: 7LDF
0-2: Ball
1-2: SINGLE (Line Drive, 7S, EV 96.3 MPH)
Batting: RHB Kevin Frandsen 0-0: Called Strike
0-1: Ball
1-1: Called Strike
1-2: Foul Ball, location: 9LDF
1-2: Grounds into double play, 5-4-3 (Groundball, 5, EV 106.3 MPH)
Batting: SHB Kendrys Morales 0-0: Foul Ball, location: 7LMF
0-1: SINGLE (Line Drive, 8LS, EV 89.4 MPH)
Batting: RHB Carlos Patino 0-0: Called Strike
0-1: Fielders Choice at 2nd, U6 (Groundball, 6M, EV 102.5 MPH)
Top of the 1st over - 0 runs, 2 hits, 0 errors, 1 left on base; Altoona 0 - Akron 0
BOTTOM OF THE 1ST
Akron Aeros batting - Pitching for Altoona Curve : RHP Jose Rojas
Pitching: RHP Jose Rojas
Batting: RHB Sean Pierce 0-0: Called Strike
0-1: Foul Ball, location: 5F
0-2: Foul Ball, location: 5SF
0-2: Ball
1-2: Foul Ball, location: 25F
1-2: Foul Ball, location: 9LSF
1-2: Ball
2-2: Foul Ball, location: 2F
2-2: Ball
3-2: Foul Ball, location: 2F
3-2: Ground out 4-3 (Groundball, 4S, EV 80.6 MPH)
Batting: LHB Dee Brown 0-0: Ball
1-0: Ground out 4-3 (Groundball, 4, EV 100.6 MPH)
Batting: SHB Jose Alfaro 0-0: Called Strike
0-1: Swinging Strike
0-2: SINGLE (Groundball, 4S, EV 66.3 MPH) (infield hit)
Batting: RHB Alfredo Medina 0-0: Ball
1-0: Swinging Strike
1-1: Ground out 5-3 (Groundball, 56, EV 101.9 MPH)
Bottom of the 1st over - 0 runs, 1 hit, 0 errors, 1 left on base; Altoona 0 - Akron 0
TOP OF THE 2ND
Altoona Curve batting - Pitching for Akron Aeros : RHP Grant Roberts
Batting: LHB Eric Duncan 0-0: SINGLE (Line Drive, 89S, EV 100.0 MPH)
Batting: SHB Peter Maestrales 0-0: Swinging Strike
0-1: Ball
1-1: Swinging Strike
1-2: Ball
2-2: Grounds into double play, 6-4-3 (Groundball, 56, EV 83.8 MPH)
Batting: RHB Nick Stavinoha 0-0: Ball
1-0: Called Strike
1-1: Foul Ball, location: 2RF
1-2: DOUBLE (Flyball, 8RXD, EV 110.6 MPH)
Batting: LHB Kevin Kay 0-0: Called Strike
0-1: Ball
1-1: Hit by Pitch
Batting: LHB Greg Stone 0-0: Ball
1-0: Ball
2-0: Called Strike
2-1: Foul Ball, location: 7LMF
2-2: Fly out, F2 (Popup, 2L, EV 88.8 MPH)
Top of the 2nd over - 0 runs, 2 hits, 0 errors, 2 left on base; Altoona 0 - Akron 0
BOTTOM OF THE 2ND
Akron Aeros batting - Pitching for Altoona Curve : RHP Jose Rojas
Batting: RHB Robby Hammock 0-0: Ball
1-0: Called Strike
1-1: Ball
2-1: Ground out 5-3 (Groundball, 56, EV 89.4 MPH)
Batting: SHB Willie Flores 0-0: Ground out 5-3 (Groundball, 15, EV 81.3 MPH)
Batting: LHB Ben Broussard 0-0: Called Strike
0-1: DOUBLE (Line Drive, 9LM, EV 106.9 MPH)
Batting: RHB Ryan Christenson 0-0: Called Strike
0-1: Called Strike
0-2: Ball
1-2: Ball
2-2: Ball
3-2: Strikes out looking
Bottom of the 2nd over - 0 runs, 1 hit, 0 errors, 1 left on base; Altoona 0 - Akron 0
TOP OF THE 3RD
Altoona Curve batting - Pitching for Akron Aeros : RHP Grant Roberts
Batting: RHB Kevin Nulton 0-0: Ball
1-0: Called Strike
1-1: SINGLE (Line Drive, 8RS, EV 92.5 MPH)
Batting: RHB Kevin Frandsen 0-0: Called Strike
0-1: Ball
1-1: Ball
2-1: Ball
3-1: Ball
Kevin Nulton to second
Batting: SHB Kendrys Morales 0-0: SINGLE (Groundball, 4MD, EV 98.1 MPH)
Kevin Nulton to third
Kevin Frandsen to second
Batting: RHB Carlos Patino 0-0: Ball
1-0: Fly out, F8 (Flyball, 8LXD, EV 95.6 MPH)
Runner from 3rd tags up, SCORES, no throw by CF
Kevin Frandsen to third
Batting: LHB Eric Duncan 0-0: Ball
1-0: Ball
2-0: DOUBLE (Flyball, 89XD, EV 105.6 MPH)
Kevin Frandsen scores
Kendrys Morales to third
Runner from 3rd tries for Home, SAFE, throw by CF to trailing runner, SAFE at third!
Batting: SHB Peter Maestrales 0-0: Ball
1-0: Foul Ball, location: 2RF
1-1: Called Strike
1-2: Strikes out looking
Batting: RHB Nick Stavinoha 0-0: Ball
1-0: Ground out 5-3 (Groundball, 56S, EV 88.1 MPH)
Top of the 3rd over - 3 runs, 3 hits, 0 errors, 1 left on base; Altoona 3 - Akron 0
BOTTOM OF THE 3RD
Akron Aeros batting - Pitching for Altoona Curve : RHP Jose Rojas
Batting: LHB Jason Grabowski 0-0: Called Strike
0-1: Ball
1-1: Foul Ball, location: 2F
1-2: Ball
2-2: Strikes out swinging
Batting: RHB Sean Pierce 0-0: Foul Ball, location: 3DF
0-1: SINGLE (Line Drive, 3D, EV 103.8 MPH)
Batting: LHB Dee Brown 0-0: Fly out, F6 (Line Drive, 6D, EV 70.0 MPH)
Batting: SHB Jose Alfaro 0-0: Foul Ball, location: 2F
0-1: Ball
1-1: Foul Ball, location: 7LSF
1-2: Ball
2-2: Strikes out swinging
Bottom of the 3rd over - 0 runs, 1 hit, 0 errors, 1 left on base; Altoona 3 - Akron 0
TOP OF THE 4TH
Altoona Curve batting - Pitching for Akron Aeros : RHP Grant Roberts
Batting: LHB Kevin Kay 0-0: Ball
1-0: Ground out 1-3 (Groundball, 13, EV 70.0 MPH)
Batting: LHB Greg Stone 0-0: Ground out 4-3 (Groundball, 4, EV 92.5 MPH)
Batting: RHB Kevin Nulton 0-0: Ball
1-0: Ball
2-0: Ball
3-0: Base on Balls
Batting: RHB Kevin Frandsen 0-0: Called Strike
Kevin Nulton is caught stealing 2nd base 2-4
Top of the 4th over - 0 runs, 0 hits, 0 errors, 0 left on base; Altoona 3 - Akron 0
BOTTOM OF THE 4TH
Akron Aeros batting - Pitching for Altoona Curve : RHP Jose Rojas
Batting: RHB Alfredo Medina 0-0: Ball
1-0: Called Strike
1-1: Ball
2-1: Ball
3-1: Base on Balls
Batting: RHB Robby Hammock 0-0: Called Strike
0-1: Ball
1-1: Ball
2-1: Called Strike
2-2: Ball
3-2: Fly out, F9 (Flyball, 89M, EV 89.4 MPH)
Batting: SHB Willie Flores 0-0: Called Strike
0-1: SINGLE (Groundball, 34D, EV 108.8 MPH)
Alfredo Medina to second
Alfredo Medina to third
Batting: LHB Ben Broussard Pickoff Throw to First - Out! 1-3
0-0: Foul Ball, location: 3F
0-1: Ball
1-1: Ball
2-1: Foul Ball, location: 7LMF
2-2: Foul Ball, location: 9LSF
2-2: Strikes out looking
Bottom of the 4th over - 0 runs, 1 hit, 0 errors, 1 left on base; Altoona 3 - Akron 0
TOP OF THE 5TH
Altoona Curve batting - Pitching for Akron Aeros : RHP Grant Roberts
Batting: RHB Kevin Frandsen 0-0: SINGLE (Flyball, 7LS, EV 98.1 MPH)
Batting: SHB Kendrys Morales 0-0: Foul Ball, location: 7LSF
0-1: Ball
1-1: SINGLE (Line Drive, 5D, EV 101.3 MPH)
Kevin Frandsen to second
Batting: RHB Carlos Patino 0-0: 3-RUN HOME RUN (Flyball, 78XD, EV 101.9 MPH), Distance : 415 ft
Batting: LHB Eric Duncan 0-0: Foul Ball, location: 2F
0-1: Ball
1-1: Ground out 4-3 (Groundball, 34D, EV 80.6 MPH)
Batting: SHB Peter Maestrales 0-0: Fly out, F6 (Popup, 6MS, EV 61.9 MPH)
Batting: RHB Nick Stavinoha 0-0: Ball
1-0: Foul Ball, location: 3SF
1-1: Ball
2-1: Ball
3-1: Fly out, F3 (Popup, 3SF, EV 87.5 MPH)
Top of the 5th over - 3 runs, 3 hits, 0 errors, 0 left on base; Altoona 6 - Akron 0
BOTTOM OF THE 5TH
Akron Aeros batting - Pitching for Altoona Curve : RHP Jose Rojas
Batting: RHB Ryan Christenson 0-0: Ball
1-0: Ball
2-0: Called Strike
2-1: Swinging Strike
2-2: Ball
3-2: Foul Ball, location: 2RF
3-2: Strikes out looking
Batting: LHB Jason Grabowski 0-0: Ball
1-0: Called Strike
1-1: Ball
2-1: Foul Ball, location: 9LMF
2-2: Ball
3-2: Strikes out swinging
Batting: RHB Sean Pierce 0-0: Called Strike
0-1: Ball
1-1: Swinging Strike
1-2: Strikes out swinging
Bottom of the 5th over - 0 runs, 0 hits, 0 errors, 0 left on base; Altoona 6 - Akron 0
TOP OF THE 6TH
Altoona Curve batting - Pitching for Akron Aeros : RHP Grant Roberts
Batting: LHB Kevin Kay 0-0: Foul Ball, location: 2F
0-1: DOUBLE (Line Drive, 89XD, EV 107.5 MPH)
Batting: LHB Greg Stone 0-0: Ball
1-0: Called Strike
1-1: Foul Ball, location: 2F
1-2: Strikes out swinging
Batting: RHB Kevin Nulton 0-0: Fly out, F6 (Line Drive, 6D, EV 68.1 MPH)
Batting: RHB Kevin Frandsen 0-0: Ball
1-0: Ball
2-0: Ball
3-0: Called Strike
3-1: Foul Ball, location: 7LDF
3-2: Base on Balls
Pitching: LHP Arthur Rhodes
Batting: SHB Kendrys Morales 0-0: Ball
1-0: Swinging Strike
1-1: Swinging Strike
1-2: Foul Ball, location: 23FF
1-2: Strikes out swinging
Top of the 6th over - 0 runs, 1 hit, 0 errors, 2 left on base; Altoona 6 - Akron 0
BOTTOM OF THE 6TH
Akron Aeros batting - Pitching for Altoona Curve : RHP Jose Rojas
Batting: LHB Dee Brown 0-0: Ball
1-0: Ball
2-0: Swinging Strike
2-1: Foul Ball, location: 2F
2-2: Foul Ball, location: 2F
2-2: Strikes out looking
Batting: SHB Jose Alfaro 0-0: Ball
1-0: Ball
2-0: Ball
3-0: Called Strike
3-1: Swinging Strike
3-2: Strikes out swinging
Batting: RHB Alfredo Medina 0-0: Foul Ball, location: 3F
0-1: Ball
1-1: Ball
2-1: Ball
3-1: Fly out, F7 (Flyball, 78D, EV 101.9 MPH)
Bottom of the 6th over - 0 runs, 0 hits, 0 errors, 0 left on base; Altoona 6 - Akron 0
TOP OF THE 7TH
Altoona Curve batting - Pitching for Akron Aeros : LHP Arthur Rhodes
Batting: RHB Carlos Patino 0-0: Ball
1-0: Called Strike
1-1: SINGLE (Line Drive, 8RS, EV 92.5 MPH)
Batting: LHB Eric Duncan 0-0: Ball
1-0: Grounds into double play, U3-6 (Groundball, 3L, EV 85.6 MPH)
Batting: SHB Peter Maestrales 0-0: Ball
1-0: SINGLE (Line Drive, 9S, EV 98.8 MPH)
Batting: RHB Nick Stavinoha 0-0: Foul Ball, location: 2RF
0-1: Fly out, F4 (Popup, 4S, EV 84.4 MPH)
Top of the 7th over - 0 runs, 2 hits, 0 errors, 1 left on base; Altoona 6 - Akron 0
BOTTOM OF THE 7TH
Akron Aeros batting - Pitching for Altoona Curve : RHP Jose Rojas
Batting: RHB Robby Hammock 0-0: Ground out 4-3 (Groundball, 4, EV 84.4 MPH)
Batting: SHB Willie Flores 0-0: Hit by Pitch
Pitching: LHP Robert Newland
Batting: LHB Ben Broussard 0-0: Ball
1-0: Foul Ball, location: 7LDF
1-1: Foul Ball, location: 2F
1-2: Foul Ball, location: 2F
1-2: Ball
2-2: Foul Ball, location: 3DF
2-2: Foul Ball, location: 2F
2-2: Ball
3-2: Base on Balls
Willie Flores to second
Batting: RHB Ryan Christenson 0-0: Called Strike
0-1: Foul Ball, location: 5F
0-2: Foul Ball, location: 7LDF
0-2: Foul Ball, location: 3SF
0-2: Ball
1-2: SINGLE (Groundball, 3D, EV 106.3 MPH)
Willie Flores to third
Ben Broussard to second
Pitching: RHP Jermaine Van Buren
Batting: LHB Jason Grabowski 0-0: Ball
1-0: Ball
2-0: Foul Ball, location: 2RF
2-1: Ball
3-1: Fly out, F8 (Line Drive, 8RM, EV 80.6 MPH)
Batting: RHB Sean Pierce 0-0: Swinging Strike
0-1: Ball
1-1: Called Strike
1-2: Strikes out swinging
Bottom of the 7th over - 0 runs, 1 hit, 0 errors, 3 left on base; Altoona 6 - Akron 0
TOP OF THE 8TH
Altoona Curve batting - Pitching for Akron Aeros : LHP Arthur Rhodes
Batting: LHB Kevin Kay 0-0: Called Strike
0-1: Foul Ball, location: 2F
0-2: Foul Ball, location: 5FF
0-2: Ground out 4-3 (Groundball, 4M, EV 87.5 MPH)
Batting: LHB Greg Stone 0-0: Ball
1-0: Ball
2-0: Called Strike
2-1: Swinging Strike
2-2: Foul Ball, location: 2F
2-2: Foul Ball, location: 2F
2-2: Ball
3-2: Base on Balls
Batting: RHB Kevin Nulton 0-0: SINGLE (Line Drive, 9LS, EV 101.9 MPH)
Greg Stone to second
Batting: RHB Kevin Frandsen 0-0: Ball
1-0: Ball
Greg Stone is caught stealing 3rd base 2-5
Kevin Nulton to second
2-0: Called Strike
2-1: Called Strike
2-2: Foul Ball, location: 9LDF
2-2: DOUBLE (Line Drive, 78D, EV 103.8 MPH)
Kevin Nulton scores
Batting: SHB Kendrys Morales 0-0: Called Strike
0-1: SINGLE (Flyball, 8LS, EV 95.0 MPH)
Kevin Frandsen to third
Runner from 3rd tries for Home, SAFE, throw by CF to home
Kendrys Morales to second
Batting: RHB Carlos Patino 0-0: Called Strike
0-1: SINGLE (Groundball, 34D, EV 107.5 MPH)
Kendrys Morales to third
Runner from 3rd tries for Home, SAFE, throw by RF to home
Carlos Patino to second
Pitching: RHP Sidney Ponson
Batting: LHB Eric Duncan 0-0: Ball
1-0: Foul Ball, location: 25F
1-1: Called Strike
1-2: Ball
2-2: Ball
3-2: Strikes out looking
Top of the 8th over - 3 runs, 4 hits, 0 errors, 1 left on base; Altoona 9 - Akron 0
BOTTOM OF THE 8TH
Akron Aeros batting - Pitching for Altoona Curve : RHP Jermaine Van Buren
Batting: LHB Dee Brown 0-0: Ball
1-0: Ball
2-0: Called Strike
2-1: Swinging Strike
2-2: Strikes out looking
Batting: SHB Jose Alfaro 0-0: Ball
1-0: Swinging Strike
1-1: SOLO HOME RUN (Flyball, 7D, EV 101.3 MPH), Distance : 366 ft
Pinch Hitting: LHB Jacob Cruz 0-0: Ball
1-0: Ball
2-0: Ball
3-0: Base on Balls
Batting: RHB Robby Hammock 0-0: Ball
1-0: Fly out, F8 (Flyball, 78XD, EV 106.3 MPH)
Batting: SHB Willie Flores 0-0: Called Strike
0-1: Ball
1-1: Swinging Strike
1-2: Foul Ball, location: 3F
1-2: Ball
2-2: Strikes out swinging
Bottom of the 8th over - 1 run, 1 hit, 0 errors, 1 left on base; Altoona 9 - Akron 1
TOP OF THE 9TH
Altoona Curve batting - Pitching for Akron Aeros : RHP Sidney Ponson
Now in RF: Jacob Cruz
Batting: SHB Peter Maestrales 0-0: Called Strike
0-1: Ball
1-1: Foul Ball, location: 7LMF
1-2: Strikes out swinging
Pinch Hitting: LHB Matt Bowser 0-0: Ball
1-0: Foul Ball, location: 3F
1-1: Foul Ball, location: 2F
1-2: Strikes out swinging
Batting: LHB Kevin Kay 0-0: Ball
1-0: Called Strike
1-1: Fly out, F5 (Popup, 25, EV 86.9 MPH)
Top of the 9th over - 0 runs, 0 hits, 0 errors, 0 left on base; Altoona 9 - Akron 1
BOTTOM OF THE 9TH
Akron Aeros batting - Pitching for Altoona Curve : RHP Jermaine Van Buren
Now in LF: Matt Bowser
Now in RF: Greg Stone
Pinch Hitting: LHB Hee-seop Choi 0-0: Ball
1-0: Swinging Strike
1-1: Called Strike
1-2: Ball
2-2: Ball
3-2: Strikes out looking
Pitching: RHP Adam Thomas
Batting: RHB Ryan Christenson 0-0: DOUBLE (Line Drive, 78D, EV 106.9 MPH)
Batting: LHB Jason Grabowski 0-0: Called Strike
0-1: Ball
1-1: Fly out, F7 (Flyball, 78M, EV 81.3 MPH)
Batting: RHB Sean Pierce 0-0: Foul Ball, location: 3SF
0-1: Ball
1-1: Ball
2-1: Ball
3-1: Fly out, F8 (Line Drive, 8LD, EV 89.4 MPH)
Bottom of the 9th over - 0 runs, 1 hit, 0 errors, 1 left on base; Altoona 9 - Akron 1
Thursday, November 14th , 2024 - OOTP Baseball 25.9 Build 91